[Event "*** Titled Tuesday Blitz"]
[Site "Chess.com"]
[Date "2021.03.02"]
[Round "10"]
[White "serhanberat_ozdemir"]
[Black "MirMan90"]
[Result "0-1"]
[WhiteElo "2566"]
[BlackElo "2755"]
[TimeControl "180+1"]
[EndTime "11:59:33 PST"]
[Termination "MirMan90 won on time"]

1. e4 c5 2. Nf3 e6 3. c3 Nf6 4. e5 Nd5 5. d4 cxd4 6. cxd4 d6 7.
a3 Bd7 8. Bd3 Bc6 9. O-O Nd7 10.
Nbd2 Be7 11. b4 a6 12. Nc4 dxe5 13. dxe5 h6 14. Qe2 Bb5 15. Bd2 N7b6 16. Rac1 Nxc4 17. Bxc4 Qd7 18. Nd4 Bxc4 19. Rxc4 Rc8 20. Rfc1 Rxc4 21. Qxc4 O-O 22. Nf3 Kh8 23. h3 Rd8 24. Qb3 Rc8 25.
Rxc8+ Qxc8 26. Nd4 Qc7 27. Nf3 b5 28. a4 Kg8 29. axb5 axb5 30. Qd3 Qc4 31. Qxc4 bxc4 32. b5 Bc5 33. Kf1 Nc7 34. Ke2 Nxb5 35. Be3 Bb4 36. Kd1 Kf8 37. Kc2 Ke7 38. Bd2 Bc5 39. Be1 Kd7 40. Nd2 c3 41. Ne4 Bd4 42. f4 Kc6 43.
Nxc3 Nxc3 44. Bxc3 Kd5 45. Bb4 Ke4 46. Bf8 Kxf4 47. Bxg7 h5 48. Kd3 Bxe5 49. Bh6+ Kg3 50. Ke4 f6 51. h4 Kxg2 52. Bg5 Kg3 0-1

[Event "*** Titled Tuesday Blitz"]
[Site "Chess.com"]
[Date "2021.03.02"]
[Round "10"]
[White "dosto07"]
[Black "beto-betun"]
[Result "0-1"]
[WhiteElo "2304"]
[BlackElo "2221"]
[TimeControl "180+1"]
[EndTime "11:59:34 PST"]
[Termination "beto-betun won on time"]

1. e4 c5 2. Nf3 d6 3. Bb5+ Nd7 4. O-O a6 5. Bxd7+ Bxd7 6. d4 cxd4 7. Qxd4 e5 8. Qd3 Bc6 9. Nc3 Be7 10. a4 h6 11. Rd1 Nf6 12. Be3 O-O 13. a5 Nd7 14. Nd5 Bxd5 15. Qxd5 Rb8 16. Ba7 Nf6 17. Qd3 Ra8 18.
Bb6 Qc8 19. c4 Qc6 20. Nd2 Rac8 21. b3 Nd7 22. Be3 Nc5 23. Bxc5 dxc5 24. Nf1 Rfd8 25. Qc2 Bg5 26. g3 Rd4 27. h4 Bf6 28. Rxd4 exd4 29. Re1 Re8 30. Nh2 Qc7 31. Qd2 Bd8 32. Qd3 Qxa5 33.
Nf3 Qc3 34. Qxc3 dxc3 35. e5 Bc7 36. Rc1 Bxe5 37. Nxe5 Rxe5 38. Rxc3 f6 39. Rd3 Kf7 40. Rd7+ Re7 41. Rd6 Rc7 42. h5 Ke7 43. Rb6 Kd7 44.
Kg2 Kc8 45. Kf3 Re7 46. Rd6 Kc7 47. Rd3 b5 48. Kf4 Kc6 49. g4 Re5 50. Rd8 bxc4 51.
bxc4 Kb6 52. Rb8+ Ka5 53. Rb7 Ka4 54. Rxg7 a5 55. Rh7 Kb4 56. Rxh6 Kxc4 57. Rxf6 Rd5 58.
Ra6 Rd4+ 59. Kf5 Kb5 60. g5 Kxa6 61. g6 Rd2 62. h6 Rxf2+ 0-1

[Event "*** Titled Tuesday Blitz"]
[Site "Chess.com"]
[Date "2021.03.02"]
[Round "10"]
[White "Rap_woyska"]
[Black "krzyzan94"]
[Result "0-1"]
[WhiteElo "2581"]
[BlackElo "2716"]
[TimeControl "180+1"]
[EndTime "11:59:39 PST"]
[Termination "krzyzan94 won by resignation"]

1. c4 e5 2. Nc3 Nf6 3. Nf3 Nc6 4. e3 a6 5. d4 exd4 6. exd4 d5 7. Bg5 Bb4 8. Be2 O-O 9. O-O dxc4 10. Bxc4 Be7 11. h3 h6 12. Be3 b5 13. Bb3 Bb7 14. Ne5 Na5 15. Bc2 Re8 16. Qc1 Bf8 17. Rd1 Nd5 18.
Qd2 Nxe3 19. fxe3 Qg5 20. Qf2 f6 21. h4 Qxg2+ 22. Qxg2 Bxg2 23. Kxg2 fxe5 24. Be4 Rad8 25. dxe5 Rxd1 26. Rxd1 Rxe5 27. Kf3 Bd6 28. b3 g5 29. hxg5 hxg5 30. Bd5+ Kg7 31. e4 Re8 32. Ne2 Be5 33.
Rc1 Rf8+ 34. Kg4 Rf2 35. Rc2 c6 36. Bxc6 Nxc6 37. Rxc6 Rxe2 38. Rxa6 Rg2+ 39. Kf5 Bc3 40. Ra7+ Kf8 41. a4 bxa4 42. bxa4 g4 43. e5 g3 44. Ra8+ Kg7 45. Ra7+ Kh6 46. Ra6+ Kh5 47. Ra8 Rf2+ 48. Ke4 g2 49. Rh8+ Kg6 50. Rg8+ Kf7 51. Rg4 Ba5 52. Kd5 Bb6 53. e6+ Ke7 54. a5 Ba7 55. Rg7+ Ke8 56. Rg8+ Ke7 57. Rg7+ Kf6 58. Rg3 Rd2+ 59. Kc6 g1=Q 60. Rxg1 Bxg1 61. a6 Kxe6 0-1

[Event "*** Titled Tuesday Blitz"]
[Site "Chess.com"]
[Date "2021.03.02"]
[Round "10"]
[White "Deepweb2020"]
[Black "kubal123"]
[Result "1-0"]
[WhiteElo "2410"]
[BlackElo "2230"]
[TimeControl "180+1"]
[EndTime "11:59:40 PST"]
[Termination "Deepweb2020 won by resignation"]

1. d4 g6 2. c4 Bg7 3. Nf3 Nf6 4. g3 c6 5. Bg2 d5 6. cxd5 cxd5 7. Nc3 O-O 8. O-O Ne4 9. Ne5 Nxc3 10. bxc3 Nc6 11.
Nxc6 bxc6 12. Qa4 Qb6 13. Ba3 Qa6 14. Qxa6 Bxa6 15. Rfe1 Rfe8 16. e4 e6 17. Bf1 Bxf1 18. Kxf1 Rab8 19. Rab1 Bf8 20. Bxf8 Kxf8 21. f3 Ke7 22. Ke2 Kd7 23. Kd3 Kc7 24. Rb3 Rb6 25. Reb1 Reb8 26. e5 Rb5 27. h4 a5 28. Kc2 a4 29. Rb4 Rxb4 30. cxb4 Kb6 31. Kc3 h5 32. g4 Rh8 33. Rh1 Kb5 34. a3 Kb6 35. Kd3 Kb5 36. Ke3 Kc4 37. Rc1+ Kb5 38. Rh1 Kc4 39. Rc1+ Kb5 40. g5 Ra8 41. Kd3 Ra7 42. Rc5+ Kb6 43. Kc3 Ra8 44. b5 cxb5 45. Kb4 Ra5 46. Rc6+ Kxc6 47.
Kxa5 Kc7 48. Kxb5 Kb7 49. Kxa4 Ka6 50. Kb4 Kb6 51. a4 Ka6 52. a5 Ka7 53. Kb5 Kb7 54. a6+ Ka7 55. Ka5 Ka8 56. Kb6 Kb8 57. a7+ Ka8 58.
f4 f5 59. exf6 e5 60. f7 1-0

[Event "*** Titled Tuesday Blitz"]
[Site "Chess.com"]
[Date "2021.03.02"]
[Round "10"]
[White "MuhittinBuker"]
[Black "NikolaN98"]
[Result "0-1"]
[WhiteElo "2151"]
[BlackElo "2508"]
[TimeControl "180+1"]
[EndTime "11:59:41 PST"]
[Termination "NikolaN98 won on time"]

1. d4 e6 2. c4 f5 3. Nc3 Nf6 4. Nf3 Bb4 5. g3 b6 6. Bg2 Bb7 7. O-O O-O 8. Bg5 Bxc3 9. bxc3 d6 10. d5 e5 11. e4 Bc8 12. Nd2 h6 13. Bxf6 Qxf6 14.
Bh3 f4 15. Bxc8 Rxc8 16. Qg4 Rf8 17. f3 a5 18. Rae1 Na6 19. gxf4 Qxf4 20. Qxf4 Rxf4 21. Kf2 Nc5 22. Ke3 Rh4 23. Rf2 Rf8 24. Rg1 Kh7 25. Rg3 Rff4 26. h3 Nd7 27. Rfg2 Rf7 28. Rh2 Nf6 29.
Rh1 Kh8 30. Rh2 Nh7 31. Rg4 Rf4 32. Rxf4 Rxf4 33. h4 Kg8 34. Nf1 Rf7 35. Ng3 Nf6 36. h5 Nd7 37. Nf5 Kh7 38. Rg2 Nc5 39. Rg6 Na4 40.
Kd3 Nb2+ 41. Ke2 Nxc4 42. Kd3 Nb2+ 43. Kc2 Na4 44. Kb3 Nc5+ 45. Kc4 Nd7 46. Rg3 Nf6 47. Rh3 Ng8 48. Nh4 Ne7 49. Kb5 Rf4 50. Ng6 Nxg6 51. hxg6+ Kxg6 52. Kc6 Rf7 53. Rg3+ Kh7 54. a4 g5 55. Rh3 Kg6 56. Rh1 h5 57. Rh2 g4 58.
fxg4 hxg4 59. Kb5 Kg5 60. Kc4 g3 61. Rh8 Kg4 62. Rg8+ Kf3 63. Kd3 g2 0-1

[Event "*** Titled Tuesday Blitz"]
[Site "Chess.com"]
[Date "2021.03.02"]
[Round "10"]
[White "Moon_stone123"]
[Black "Szparu"]
[Result "0-1"]
[WhiteElo "2513"]
[BlackElo "2655"]
[TimeControl "180+1"]
[EndTime "11:59:44 PST"]
[Termination "Szparu won by checkmate"]

1. Nf3 Nf6 2. g3 g6 3. Bg2 Bg7 4. O-O O-O 5. c4 d6 6. Nc3 e5 7. d3 Re8 8. Bg5 h6 9. Bxf6 Bxf6 10. Rb1 c6 11. Nd2 Be6 12. Nde4 Bg7 13. c5 d5 14. Nd6 Re7 15. e4 d4 16. Ne2 Bxa2 17. Ra1 Be6 18. b4 Na6 19. Nxb7 Rxb7 20. Rxa6 Bd7 21.
Qd2 Rab8 22. Rfa1 Rxb4 23. Rxa7 Rb1+ 24. Nc1 R8b2 25. Qe1 h5 26. Rxb1 Rxb1 27. Qd2 Be6 28. Qc2 Qb8 29. Ra6 Bh6 30. Rb6 Rxb6 31. cxb6 Qxb6 32. Ne2 Qb3 33. Qxb3 Bxb3 34. f4 Bc2 35. fxe5 Bxd3 36. Kf2 Be3+ 37. Ke1 c5 38. Nf4 Bxf4 39. gxf4 c4 40. Kd2 Kf8 41. h4 Ke7 42. Bf3 Kd7 43. Be2 Bxe2 44. Kxe2 Ke6 45. Kd2 Ke7 46. Ke2 Kd7 47.
Kd2 Kc6 48. Kc2 Kc5 49. Kd2 Kc6 50. Kc2 Kc5 51. Kd2 Kb4 52. Kc2 d3+ 53. Kd2 Kb3 54.
f5 c3+ 55. Kxd3 c2 56. e6 c1=Q 57. exf7 Qc4+ 58. Ke3 Qxf7 59. Kf4 Qf6 60. Ke3 gxf5 61. e5 Qxe5+ 62. Kf3 Qe4+ 63. Kg3 Qg4+ 64. Kf2 Qxh4+ 65. Kf3 Qg4+ 66. Ke3 Qe4+ 67. Kf2 f4 68. Kg1 Qe2 69. Kh1 f3 70. Kg1 Qg2# 0-1

[Event "*** Titled Tuesday Blitz"]
[Site "Chess.com"]
[Date "2021.03.02"]
[Round "10"]
[White "frenchpin"]
[Black "andrzej"]
[Result "1-0"]
[WhiteElo "2492"]
[BlackElo "2353"]
[TimeControl "180+1"]
[EndTime "11:59:48 PST"]
[Termination "frenchpin won by checkmate"]

1. e4 c5 2. Nf3 Nc6 3. c3 Nf6 4. e5 Nd5 5. d4 cxd4 6. cxd4 d6 7. Bc4 e6 8. O-O Be7 9. Qe2 O-O 10. Qe4 Ndb4 11.
exd6 Qxd6 12. Bf4 Qd8 13. Nc3 Bd7 14. a3 Na6 15. Bd3 g6 16. b4 Nc7 17. Rfe1 Bf6 18.
Rad1 Nd5 19. Nxd5 exd5 20. Qxd5 Bg4 21. Qxd8 Raxd8 22. Be2 Bxf3 23. Bxf3 Nxd4 24. Kf1 Nxf3 25. gxf3 Rxd1 26. Rxd1 Rd8 27. Rc1 g5 28. Be3 b6 29.
Rc7 Ra8 30. Rd7 Kg7 31. Ke2 Kg6 32. Kd3 b5 33. Rd6 a5 34. Bd4 Rd8 35. Rxf6+ Kh5 36.
Rxf7 axb4 37. Rxh7+ Kg6 38. Rg7+ Kh6 39. axb4 Rf8 40.
Ke4 Kh5 41. Rb7 Rf4+ 42. Ke3 Rf5 43. Rb6 Rd5 44. Re6 Rd8 45. Re5 Rb8 46. f4 Kh4 47. fxg5 Kh5 48. f4 Kg6 49. Ke4 Rd8 50.
h4 Kh5 51. Rxb5 Kxh4 52. g6 Rg8 53. Rg5 Re8+ 54. Be5 Rg8 55. g7 Kh3 56. Kf3 Kh4 57. b5 Rc8 58. g8=Q Rxg8 59. Rxg8 Kh5 60. Ke4 Kh6 61.
Kf5 Kh7 62. Rh8# 1-0

[Event "*** Titled Tuesday Blitz"]
[Site "Chess.com"]
[Date "2021.03.02"]
[Round "10"]
[White "JiiHart"]
[Black "chesslh19"]
[Result "0-1"]
[WhiteElo "2072"]
[BlackElo "2235"]
[TimeControl "180+1"]
[EndTime "11:59:49 PST"]
[Termination "chesslh19 won by resignation"]

1. e4 e5 2. Nf3 Nf6 3. d4 exd4 4. e5 Ne4 5. Qxd4 d5 6. exd6 Nxd6 7. Nc3 Nc6 8. Qf4 Nf5 9. Bb5 Bd6 10. Qe4+ Qe7 11.
Bxc6+ bxc6 12. Qxe7+ Nxe7 13. Be3 O-O 14. Nd4 Bb7 15.
O-O Nd5 16. Nd1 Rfe8 17. Nf5 Bf8 18. c4 Nxe3 19. Ndxe3 g6 20. Ng3 Rad8 21. Rad1 f5 22. Rxd8 Rxd8 23. Rd1 Rxd1+ 24. Nxd1 Kf7 25. b3 Ke6 26.
Nc3 Bg7 27. Nge2 Bxc3 28. Nxc3 Ke5 29. Ne2 c5 30. f3 f4 31. Kf2 Bc8 32. Ke1 Bf5 33.
Kd2 g5 34. Kc3 Bb1 35. Nc1 h5 36. Kb2 Bf5 37. Kc3 g4 38. Nd3+ Bxd3 39. Kxd3 gxf3 40. gxf3 Kf5 41. a3 Ke5 42. h4 Kf5 43. b4 cxb4 44. axb4 Ke5 45. Kc3 c6 46. Kb3 Kd4 47. b5 cxb5 48. cxb5 Kc5 49. Ka4 Kc4 50. Ka5 Kc5 51. Ka6 Kb4 52. Kxa7 Kxb5 53. Kb7 Kc4 54. Kc7 Kd3 55. Kd6 Ke3 56. Ke5 Kxf3 57. Kf5 Kg3 58. Kg5 f3 59. Kxh5 f2 60. Kg6 f1=Q 61. h5 Qf8 62. h6 Qh8 63. h7 Kh4 64. Kh6 Kg4 65.
Kg6 Kf4 66. Kh6 Kf5 0-1

[Event "*** Titled Tuesday Blitz"]
[Site "Chess.com"]
[Date "2021.03.02"]
[Round "10"]
[White "Meri-Arabidze"]
[Black "ErikRonka"]
[Result "1-0"]
[WhiteElo "2627"]
[BlackElo "2460"]
[TimeControl "180+1"]
[EndTime "11:59:50 PST"]
[Termination "Meri-Arabidze won by resignation"]

1. d4 d5 2. Nf3 Nf6 3. c4 c6 4. Nc3 e6 5. e3 Nbd7 6. Qc2 Bd6 7.
Be2 O-O 8. O-O dxc4 9. a4 c5 10. Bxc4 cxd4 11. exd4 b6 12. Re1 Bb7 13. Ne5 h6 14.
Qe2 Rc8 15. Bd3 Nxe5 16. dxe5 Bxe5 17. Qxe5 Qxd3 18. Re3 Qf5 19. Qxf5 exf5 20. Re7 Rfe8 21. Rxe8+ Rxe8 22. Be3 Ng4 23. Bf4 g5 24. Bd6 Rd8 25. Rd1 Nf6 26. f3 Ne8 27. Be5 Rxd1+ 28. Nxd1 f6 29.
Bb8 a6 30. Nc3 Kf7 31. Ba7 Nd6 32. Bxb6 Nc4 33. a5 Nxb2 34. Kf2 Ke6 35. g3 Nc4 36. Na4 Kd5 37. Nc5 Nxb6 38. Nxb7 Nc4 39. Nd8 Nxa5 40. Nf7 Nc4 41. Nxh6 a5 42. Ng8 a4 43. Nxf6+ Kd4 44. h4 gxh4 45. gxh4 a3 46. h5 a2 47. h6 a1=Q 48.
h7 Qa2+ 49. Kg3 Qa8 50. Ng8 Qb8+ 51. f4 Ke3 52. h8=Q Qxf4+ 53. Kh3 Ne5 54. Nf6 Qf3+ 55. Kh2 Qf2+ 56. Kh3 Qf3+ 57. Kh2 Qf4+ 58. Kh1 Nf3 59. Nd5+ Ke4 60. Nxf4 Kxf4 61. Qh6+ Kg3 62. Qg7+ Kf2 63.
Qf7 Nd4 64. Qf6 f4 65. Qxd4+ Ke2 66. Qxf4 1-0

[Event "*** Titled Tuesday Blitz"]
[Site "Chess.com"]
[Date "2021.03.02"]
[Round "10"]
[White "chessdjw"]
[Black "MatyChess1"]
[Result "1/2-1/2"]
[WhiteElo "2737"]
[BlackElo "2615"]
[TimeControl "180+1"]
[EndTime "11:59:53 PST"]
[Termination "Game drawn by repetition"]

1. d4 d5 2. c4 e6 3. Nf3 Nf6 4. g3 Bb4+ 5. Nbd2 O-O 6. Bg2 b6 7. O-O Bb7 8. Ne5 Bd6 9. cxd5 exd5 10. Ndc4 Be7 11. Qc2 Re8 12. b3 Na6 13. Bb2 Nb4 14.
Qd1 Bf8 15. a3 Na6 16. Qc2 Rc8 17. Rfd1 Ne4 18. Ne3 Nb8 19. Bh3 c6 20. Bxc8 Qxc8 21. f3 Nd6 22. Ng2 f6 23. Nd3 g5 24. Re1 Qh3 25.
Nf2 Qh5 26. g4 Qf7 27. e4 Nd7 28. e5 fxe5 29. dxe5 Nb5 30. Qf5 Nc7 31. Qxg5+ Qg7 32. Qxg7+ Bxg7 33. f4 c5 34. Nh4 d4 35. Nf5 Bf8 36.
Ne4 Bd5 37. b4 Ne6 38. Nfd6 Rb8 39. f5 Nf4 40. e6 Ne5 41. Rf1 Ne2+ 42. Kf2 Nd3+ 43.
Kxe2 Nxb2 44. Nf7 Bc4+ 45. Kf3 Bxf1 46. Rxf1 Nc4 47. Nf6+ Kg7 48. Nh5+ Kg8 49. f6 Nd2+ 50. Kg2 Nxf1 51. Kxf1 Re8 52. Nf4 Rxe6 53. Nxe6 Kxf7 54. Nxf8 Kxf8 55. g5 Kf7 56. Ke2 Kg6 57. bxc5 bxc5 58.
Kd3 a5 59. h4 Kf7 60. a4 Kg6 61.
Kc4 h6 62. Kd3 hxg5 63. hxg5 Kf7 64. Ke4 Kg6 65. Kd3 Kf7 66. Kc4 Kg6 67. Kd3 1/2-1/2

[Event "*** Titled Tuesday Blitz"]
[Site "Chess.com"]
[Date "2021.03.02"]
[Round "10"]
[White "The_Machine04"]
[Black "Matols"]
[Result "1-0"]
[WhiteElo "2411"]
[BlackElo "2275"]
[TimeControl "180+1"]
[EndTime "11:59:54 PST"]
[Termination "The_Machine04 won on time"]

1. d4 Nf6 2. Bg5 d5 3. e3 e6 4. Nd2 Be7 5. Bd3 O-O 6. c3 Nbd7 7. f4 c5 8. Ngf3 b6 9. Ne5 Bb7 10. Qf3 h6 11. Bxf6 Nxf6 12. O-O Rc8 13. g4 Nd7 14. g5 Nxe5 15. dxe5 hxg5 16. Qh5 g6 17. Bxg6 fxg6 18. Qxg6+ Kh8 19. Rf3 g4 20. Qh5+ Kg8 21. Qxg4+ Bg5 22.
Qxe6+ Kg7 23. Rg3 Rc6 24. Qg4 Rg6 25. Nf3 Bc8 26. Qxg5 Rxg5 27. Rxg5+ Kf7 28. Kf2 Rg8 29. Rag1 Rxg5 30. Rxg5 Qh8 31. h4 Qh7 32. h5 Qc2+ 33. Kg3 Bf5 34. h6 Be4 35. Rg7+ Kf8 36. Rxa7 Qe2 37.
Ng5 Qg2+ 38. Kh4 Bf5 39. Rf7+ Ke8 40. Rxf5 Qh2+ 41. Nh3 Qc2 42. Kg5 Qg2+ 43. Kf6 Qxh3 44. Kg6 Qg3+ 45. Rg5 Qxe3 46. h7 Qe4+ 47. Kg7 Qxf4 48.
h8=Q+ Ke7 49. Rg6 Qf7+ 50. Kh6 Qf4+ 51. Kh5 Qh2+ 52. Kg5 Qxh8 53. Rxb6 Qxe5+ 54. Kg4 d4 55. cxd4 cxd4 56. Rb3 Qe4+ 57. Kg3 d3 58. Kf2 d2 59.
Rb7+ Kd6 60. Rb8 Kc7 61. Rb3 d1=Q 62. Rc3+ 1-0

[Event "*** Titled Tuesday Blitz"]
[Site "Chess.com"]
[Date "2021.03.02"]
[Round "10"]
[White "mhebden"]
[Black "FMLorneTwitch"]
[Result "0-1"]
[WhiteElo "2512"]
[BlackElo "2448"]
[TimeControl "180+1"]
[EndTime "11:59:55 PST"]
[Termination "FMLorneTwitch won on time"]

1. d4 Nf6 2. Nf3 d5 3. c4 e6 4. Bg5 h6 5. Bxf6 Qxf6 6. Nc3 Bb4 7. Qb3 Bxc3+ 8. Qxc3 c6 9. e3 Nd7 10. Rd1 O-O 11. Be2 dxc4 12. Bxc4 c5 13. O-O Nb6 14. Bb3 cxd4 15. Rxd4 Bd7 16. Qa5 Bc6 17. Ne5 Rfc8 18.
Rfd1 Bd5 19. Nd3 Bxb3 20. axb3 Rc2 21. Qe5 Qxe5 22. Nxe5 Rxb2 23. h4 Rxb3 24. Rd8+ Rxd8 25. Rxd8+ Kh7 26. Nxf7 Kg6 27. Ne5+ Kf6 28. Ng4+ Ke7 29.
Rg8 Kf7 30. Rb8 Nd7 31. Rd8 Ke7 32. Rg8 Kf7 33. Rd8 Nf6 34. Ne5+ Ke7 35. Rc8 Kd6 36. f4 a5 37. Ra8 b6 38. Kf2 Kd5 39.
Kf3 Kc5 40. Ke2 Nd5 41. Rc8+ Kb5 42. Nc4 a4 43. Nd6+ Kb4 44. Rc4+ Ka5 45. Re4 a3 46. Rxe6 a2 47. Re8 Rb2+ 48. Kf3 Kb4 49. Ra8 Nc3 50. Rxa2 Rxa2 51. Nf5 h5 52. Nxg7 Ra3 53. Nxh5 Nd5 54. Nf6 Nxf6 55. g4 Nd5 56. g5 Rxe3+ 57. Kg4 Re4 58.
g6 Rxf4+ 59. Kg5 Rf1 60. h5 Rg1+ 61. Kf5 Ne7+ 62. Kf6 Nxg6 63. hxg6 Kc3 64. Ke5 b5 65. Kd5 Rxg6 66. Kc5 b4 67. Kb5 Rg1 68. Ka4 b3 69. Ka3 b2 70. Ka4 b1=Q 71. Ka5 Rg2 0-1

[Event "*** Titled Tuesday Blitz"]
[Site "Chess.com"]
[Date "2021.03.02"]
[Round "10"]
[White "Grandmaster1369"]
[Black "DFeco"]
[Result "0-1"]
[WhiteElo "2391"]
[BlackElo "2269"]
[TimeControl "180+1"]
[EndTime "11:59:55 PST"]
[Termination "DFeco won on time"]

1. e4 e5 2. Nf3 Nc6 3. Bb5 g6 4. d3 Bg7 5. Nc3 a6 6. Ba4 d6 7. Be3 Bd7 8. O-O Nge7 9. Qd2 O-O 10. Bh6 f5 11. Bb3+ Kh8 12. Bxg7+ Kxg7 13. d4 fxe4 14.
Nxe4 Nf5 15. dxe5 Nxe5 16. Nxe5 dxe5 17. Rad1 Bc6 18. Nc5 Qxd2 19. Rxd2 Kf6 20. Rfd1 Nd4 21. c3 Nxb3 22. axb3 Ke7 23. Re2 Kf6 24. Nd7+ Bxd7 25.
Rxd7 Rad8 26. Red2 Rxd7 27. Rxd7 Rf7 28. Rd8 Ke6 29. f3 Rd7 30. Rxd7 Kxd7 31. Kf2 Ke6 32. Ke3 Kd5 33. g3 a5 34. Kd3 b5 35. h3 g5 36. Ke3 h6 37. Kd3 c5 38. Ke3 c4 39. bxc4+ Kxc4 40. Ke4 Kb3 41. Kxe5 Kxb2 42. f4 gxf4 43. gxf4 a4 44. f5 a3 45. f6 a2 46.
f7 a1=Q 47. f8=Q Qe1+ 48. Kd5 Qd2+ 49. Ke4 Qe2+ 50. Kd4 Qd2+ 51. Ke4 Qe2+ 52. Kd5 Qd3+ 53. Ke6 Qe4+ 54. Kd7 Qd3+ 55. Ke6 Qe4+ 56. Kd7 Qd3+ 57.
Kc6 Qxc3+ 58. Kxb5 Qxh3 59. Qf6+ Kc2 60. Qf2+ Kd3 61. Qf1+ Qxf1 0-1

[Event "*** Titled Tuesday Blitz"]
[Site "Chess.com"]
[Date "2021.03.02"]
[Round "10"]
[White "Natalya_Buksa"]
[Black "Vugar_Manafov"]
[Result "1/2-1/2"]
[WhiteElo "2526"]
[BlackElo "2640"]
[TimeControl "180+1"]
[EndTime "11:59:56 PST"]
[Termination "Game drawn by agreement"]

1. d4 Nf6 2. Nc3 e6 3. e4 Bb4 4. Bd3 d6 5. Ne2 e5 6. O-O Nc6 7. d5 Ne7 8. a3 Bxc3 9. Nxc3 O-O 10. Ne2 Nd7 11. c4 f5 12. f3 Nf6 13. b4 Qe8 14.
Nc3 Qh5 15. c5 Ng6 16. Nb5 Ne8 17. Be3 a6 18. Nc3 Nf6 19. cxd6 cxd6 20. b5 Nh4 21. f4 fxe4 22. Qxh5 Nxh5 23. Nxe4 Nf5 24. Bd2 axb5 25. fxe5 dxe5 26. g4 Nd4 27. Rxf8+ Kxf8 28. Rf1+ Nf4 29.
Bxf4 exf4 30. Rxf4+ Ke7 31. Nf2 Nb3 32. Rb4 Nc5 33.
Rxb5 Nxd3 34. Nxd3 Rxa3 35. Nf2 Ra4 36. h3 Kd6 37.
Kg2 Rf4 38. Kg3 g5 39. Nd1 Rd4 40. Ne3 Rd3 41. Kf2 Rd4 42. Rb6+ Kc5 43. Rb1 Kd6 44.
Kf3 Bd7 45. Rxb7 Rd3 46. Rb6+ Ke5 47. Rh6 Kd4 48. Rxh7 Rxe3+ 49. Kf2 Bb5 50. Rg7 Re5 51. d6 Rd5 52. d7 Bxd7 53. Kg3 Ke4 54. h4 Rd3+ 55.
Kh2 gxh4 56. g5 h3 57. g6 Rd2+ 58. Kg3 Rg2+ 59. Kh4 h2 60. Re7+ Kf5 61. Re1 Rg1 62. Rxg1 1/2-1/2

[Event "*** Titled Tuesday Blitz"]
[Site "Chess.com"]
[Date "2021.03.02"]
[Round "10"]
[White "SanchezKelvin"]
[Black "arminmusovic"]
[Result "1-0"]
[WhiteElo "2448"]
[BlackElo "2533"]
[TimeControl "180+1"]
[EndTime "11:59:57 PST"]
[Termination "SanchezKelvin won by resignation"]

1. d4 d5 2. c4 c5 3. cxd5 e6 4. dxe6 Bxe6 5. Nf3 Nc6 6. e3 a6 7. Nc3 Nf6 8. Be2 Be7 9. O-O O-O 10. dxc5 Qa5 11. Qa4 Qxc5 12. e4 b5 13. Qc2 Bd6 14. Be3 Qh5 15. h3 Bxh3 16. Rfd1 Bxg2 17. Kxg2 Qg4+ 18. Kf1 Qh3+ 19. Ke1 Bb4 20. e5 Rad8 21. exf6 Qh1+ 22. Bf1 Qxf3 23. a3 Ba5 24. fxg7 Rfe8 25.
Rxd8 Rxd8 26. Rd1 Re8 27. b4 Rxe3+ 28. fxe3 Qxe3+ 29. Ne2 Nxb4 30. Qc8+ Kxg7 31. Qg4+ Kh8 32. axb4 Bb6 33. Qf5 Qe7 34. Rd7 Qxb4+ 35. Kd1 Qb3+ 36. Qc2 Qe6 37. Qc3+ Kg8 38. Qg3+ Kf8 39. Qd6+ Qxd6+ 40. Rxd6 Bf2 41. Rxa6 b4 42. Nc1 Bc5 43. Nb3 Be7 44. Bc4 Kg7 45. Ra7 Kf6 46. Ke2 h5 47. Kf3 h4 48.
Kg4 h3 49. Kxh3 Bd6 50. Kg2 Ke5 51. Kf3 f5 52. Bf7 Bf8 53. Na5 Bh6 54. Bb3 Bd2 55. Nc4+ Kd4 56. Nxd2 Kc3 57. Ke2 f4 58. Rf7 f3+ 59.
Rxf3+ Kb2 60. Bf7 Ka1 61. Bg6 b3 62. Nxb3+ Kb2 63. Rd3 Ka3 64. Nd4+ Kb4 65. Ne6 Kc4 66. Bf7 Kb5 67. Rd5+ Kb4 68. Rc5 Ka4 69. Kd3 Kb4 70.
Kd4 Kb3 71. Rc4 Ka3 72. Kc3 Ka2 73. Kc2 Ka3 74. Bg8 1-0

[Event "*** Titled Tuesday Blitz"]
[Site "Chess.com"]
[Date "2021.03.02"]
[Round "10"]
[White "Margency"]
[Black "EvgenyT"]
[Result "0-1"]
[WhiteElo "2703"]
[BlackElo "2915"]
[TimeControl "180+1"]
[EndTime "11:59:58 PST"]
[Termination "EvgenyT won by resignation"]

1. e4 e6 2. d4 d5 3. exd5 exd5 4. c4 Nf6 5. Nc3 Bd6 6. cxd5 O-O 7. Nf3 Re8+ 8. Be2 Nbd7 9. O-O Nb6 10. Bg5 h6 11. Bh4 Bf5 12. Re1 Be7 13. Ne5 Nfxd5 14. Bg3 c6 15.
Bh5 g6 16. Bf3 Bf6 17. Ne4 Bxe4 18. Bxe4 Kg7 19. Qf3 Re6 20. Rad1 Qe7 21. h4 h5 22. Bb1 Rf8 23. Re4 Qb4 24. Qd3 Qb5 25. Qd2 Nc4 26. Nxc4 Qxc4 27. Rxe6 fxe6 28. Qe1 Re8 29. Qe4 Ne7 30. Be5 Qd5 31. Bxf6+ Kxf6 32. Qf4+ Nf5 33.
Be4 Qd6 34. Qg5+ Kf7 35. Rd3 Qd8 36. Qf4 Qxh4 37. Qe5 Qf6 38. Qf4 Re7 39. Qb8 a6 40. a3 Kg7 41. Rf3 Qxd4 42. Bd3 Qf6 43. g3 Rd7 44. Kg2 Rf7 45. Be4 Qxb2 46. Qd8 Qd4 47. Qxd4+ Nxd4 48. Rd3 Nf5 49. Rd8 Kf6 50. a4 Ke5 51. a5 Kxe4 52. Rg8 Ne7 53. Re8 Nd5 54. Rxe6+ Kf5 55. Rd6 Kg5 56. f4+ Kh6 57. Kh3 Ne3 58. Re6 Nf5 59. Re8 Rd7 60. Re6 Kg7 61. Re8 Rd3 62. Kh2 Rxg3 63. Rb8 Rb3 64. Rc8 h4 65.
Rc7+ Kh6 66. Kg2 Kh5 67. Kh2 Kg4 68. Rc8 Rb2+ 69. Kg1 Kg3 0-1

[Event "*** Titled Tuesday Blitz"]
[Site "Chess.com"]
[Date "2021.03.02"]
[Round "10"]
[White "BanjoKazooieN64"]
[Black "Arvids_Andrejevs"]
[Result "0-1"]
[WhiteElo "2520"]
[BlackElo "2400"]
[TimeControl "180+1"]
[EndTime "11:59:58 PST"]
[Termination "Arvids_Andrejevs won by checkmate"]

1. e4 e5 2. Nf3 Nc6 3. Bc4 Nf6 4. Ng5 d5 5. exd5 Nd4 6. c3 b5 7. Bf1 Nxd5 8. Nxf7 Kxf7 9. cxd4 exd4 10. Qf3+ Nf6 11.
Bxb5 Qe7+ 12. Qe2 Qxe2+ 13. Bxe2 Bd6 14. O-O Re8 15. Bf3 Rb8 16. d3 Ba6 17. Rd1 Bxd3 18. Nd2 c5 19. b3 Be2 20. Bxe2 Rxe2 21. Nc4 Bc7 22. Ba3 Bb6 23. Kf1 Re6 24. Re1 Rbe8 25. Rxe6 Rxe6 26. Re1 Rxe1+ 27. Kxe1 Ke6 28. f3 Kd5 29.
Ke2 Bc7 30. g3 h5 31. Kd3 h4 32. b4 cxb4 33. Bxb4 hxg3 34. hxg3 Bxg3 35. Bf8 Nh5 36. Nd2 Nf4+ 37. Kc2 g6 38. Ne4 Bh2 39. Bh6 Kc4 40.
Nd6+ Kd5 41. Nf7 d3+ 42. Kc3 Ke6 43. Bxf4 Bxf4 44. Nd8+ Kd7 45. Nb7 d2 46. Kc2 Kc6 47. Nd8+ Kb5 48. Ne6 g5 49. Nxf4 gxf4 50. Kxd2 Ka4 51.
Kc2 Ka3 52. Kb1 Kb4 53. Kb2 Kc4 54. Kc2 Kd4 55. Kd2 a6 56. a3 Kc4 57. Kc2 a5 58.
Kb2 Kd3 59. Kb3 Ke3 60. Ka4 Kxf3 61. Kxa5 Ke3 62. Kb6 f3 63. a4 f2 64. a5 f1=Q 65. a6 Qb1+ 66. Kc7 Qc2+ 67. Kb8 Qb3+ 68. Kc7 Qc4+ 69.
Kb7 Qb5+ 70. Ka7 Kd4 71. Ka8 Qxa6+ 72. Kb8 Qd6+ 73. Ka8 Qe7 74. Kb8 Kc5 75. Ka8 Kb6 76.
Kb8 Qb7# 0-1

[Event "*** Titled Tuesday Blitz"]
[Site "Chess.com"]
[Date "2021.03.02"]
[Round "10"]
[White "djano"]
[Black "SlavenPastar"]
[Result "0-1"]
[WhiteElo "2471"]
[BlackElo "2573"]
[TimeControl "180+1"]
[EndTime "11:59:59 PST"]
[Termination "SlavenPastar won by resignation"]

1. e4 b6 2. d4 Bb7 3. Bg5 Bxe4 4. d5 h6 5. Bh4 g5 6. Nc3 Bg6 7. Bg3 Bg7 8. Bd3 Bxd3 9. Qxd3 Nf6 10. Nge2 d6 11.
Nd4 Nfd7 12. Nf5 Bf6 13. O-O-O Nc5 14. Qf3 Nbd7 15. Rhe1 Ne5 16. Qh5 Qd7 17. Ne3 O-O-O 18. f4 Ng6 19. f5 Ne5 20. Ne2 Ne4 21. Bxe5 Bxe5 22. Nd4 Kb7 23. Nc6 Ra8 24. Ng4 Bf4+ 25. Kb1 Nd2+ 26. Ka1 Qxf5 27. g3 Qxc2 28. gxf4 Nc4 29.
Rb1 f5 30. Rec1 Qe2 31. Nf6 Qxh5 32. Nxh5 Nd2 33. Nxe7 Nxb1 34. Kxb1 Rae8 35. Nxf5 gxf4 36. Nhg7 Re2 37. Ne6 f3 38. Nfd4 Rxh2 39. Rxc7+ Ka6 40. Nxf3 Rh1+ 41. Kc2 Rg8 42. Nfd4 Rg2+ 43. Kb3 Rhh2 44. Rc2 Rxc2 45. Nxc2 Rh3+ 46. Kc4 Rh4+ 47. Kb3 Rh5 48. a4 b5 49. Nc7+ Kb6 50. Nxb5 Rxd5 51. Ne3 Rh5 52. Kc4 Rh4+ 53. Kc3 Rh3 54. Kd3 Ka5 55. b3 Kb4 56. Nd4 h5 57. Ke4 Kc3 58. Nd5+ Kb2 59. Nf4 Rh1 60. Nd3+ Kc3 61. Nf4 Kd2 62. Nf3+ Kc2 63.
b4 Kb3 64. b5 Kxa4 65. Nd4 Ka5 66. Kd5 Kb6 67. Nfe6 Kb7 68. Kxd6 Kb6 69. Nc5 Rd1 70. Na4+ Ka5 71. Kc5 Rxd4 72. Kxd4 Kxa4 73. Kc5 Ka5 74. b6 axb6+ 0-1